 Dungeon Crawl Stone Soup version 0.31-a0-925-g0a390f2509 (webtiles) character file.

Game seed: 17498930147228273465

28 Maratek the Ducker (level 3, 0/26 HPs)
             Began as an Octopode Fighter on Oct 18, 2023.
             Slain by a jackal (2 damage)
             ... on level 2 of the Dungeon.
             The game lasted 00:00:39 (1028 turns).

Maratek the Ducker (Octopode Fighter)               Turns: 1028, Time: 00:00:40

Health: 0/26       AC:  1    Str: 17    XL:     3   Next: 14%
Magic:  3/3        EV: 13    Int: 10    God:
Gold:   54         SH:  4    Dex: 11    Spells: 2/2 levels left

rFire   . . .        a - +0 war axe
rCold   . . .        b - +0 buckler
rNeg    . . .        (helmet restricted)
rPois   .            (no amulet)
rElec   .            (no ring)
rCorr   .            (no ring)
SInv    .            (no ring)
Will    .....        (no ring)
Stlth   ++           (no ring)
HPRegen 0.24/turn    (no ring)
MPRegen 0.08/turn    (no ring)
                     (no ring)

%: no passive effects
@: no status effects
A: almost no armour, amphibious, 8 rings, camouflage 1, gelatinous body 1,
(nimble swimmer 1), tentacles
a: no special abilities


You were on level 2 of the Dungeon.
You visited 1 branch of the dungeon, and saw 2 of its levels.

You collected 54 gold pieces.

Inventory:

Hand Weapons
 a - a +0 war axe (weapon)
Armour
 b - a +0 buckler (worn)
Scrolls
 h - a scroll of acquirement {unknown}
 i - a scroll of enchant weapon {unknown}
Potions
 c - a potion of might
 d - a potion of haste {unknown}
 e - 2 potions of resistance {unknown}
 f - 4 potions of curing {unknown}
 g - a potion of enlightenment {unknown}


   Skills:
 + Level 3.2 Fighting
 + Level 2.2 Axes
 + Level 3.3 Dodging
 + Level 0.9 Stealth
 + Level 3.3 Shields


You had 2 spell levels left.
You didn't know any spells.
Your spell library contained the following spells:

 Spells                   Type           Power      Damage    Failure   Level
 Dazzling Flash           Conj/Hex       0%         N/A       82%         3
 Volatile Blastmotes      Fire/Tloc      0%         2d10      82%         3
 Starburst                Conj/Fire      0%         6d3       100%        6
 Maxwell's Capacitive Co  Air            0%         ∞         100%        8


Dungeon Overview and Level Annotations

Branches:
Dungeon (2/15)

Altars:


Innate Abilities, Weirdness & Mutations

You cannot wear most types of armour.
You are amphibious.
You can wear up to eight rings at the same time.
Your skin changes colour to match your surroundings (Stealth+).
Your rubbery body absorbs attacks. (AC +1, EV +1)
((You are camouflaged when in or above water. (Stealth+)))
You have tentacles for arms and can constrict up to eight enemies at once.


Message History

You hit the goblin.
You kill the goblin!
A jackal comes into view.
A goblin comes into view. It is wielding a +0 dagger.
You have reached level 3!
Your experience leads to an increase in your attributes!
Increase (S)trength, (I)ntelligence, or (D)exterity?
You feel stronger. x2
You hit the goblin. Your grab misses the goblin.
The goblin is severely wounded.
You block the goblin's attack. The hobgoblin hits you.
You hit the goblin.
You kill the goblin!
You closely miss the hobgoblin. The hobgoblin hits you!
You are too injured to fight recklessly!
There are monsters nearby!
You are too injured to fight recklessly!
You are too injured to fight recklessly!
You are too injured to fight recklessly!
Unknown command.
You hit the hobgoblin. Your grab misses the hobgoblin.
The hobgoblin is heavily wounded.
You closely miss the goblin. The hobgoblin misses you. The goblin misses you.
The hobgoblin barely misses you. The goblin hits you with a +0 dagger.
* * * LOW HITPOINT WARNING * * *
You hit the hobgoblin but do no damage. Your grab misses the hobgoblin.
The hobgoblin is heavily wounded.
You hit the goblin but do no damage. You closely miss the goblin.
The hobgoblin closely misses you. The goblin misses you.
The goblin hits you with a +0 dagger.
* * * LOW HITPOINT WARNING * * *
You closely miss the hobgoblin. You grab the hobgoblin.
Your squeeze misses the hobgoblin.
The hobgoblin is heavily wounded.
You hit the goblin.
You kill the goblin!
You barely miss the goblin. You constrict the hobgoblin.
The goblin hits you but does no damage. The hobgoblin completely misses you.
The jackal bites you.
You die...

# # .#. # #.###
...#h#### #.#..
.....hhg# #.#.#
#@# #.#.# #g#
#.#.# ##.#)####
#.#.####
#.......#
#..<..<#
#.#####.#
###.##..... #
#.#####.#####..
#..............
#....†#.######.
#.#####.#####.#


You could see 3 jackals, a hobgoblin (strong) and a goblin (strong).

Vanquished Creatures
  Robin (D:2)
  2 bats
  7 goblins
  3 hobgoblins
  A kobold (D:1)
  A ball python (D:1)
  2 frilled lizards (D:1)
  A rat (D:2)
18 creatures vanquished.

Notes
Turn   | Place    | Note
-------+----------+-------------------------------------------
     0 | D:1      | Maratek the Octopode Fighter began the quest for the Orb.
     0 | D:1      | Reached XP level 1. HP: 16/16 MP: 1/1
   638 | D:1      | Reached XP level 2. HP: 21/21 MP: 2/2
  1011 | D:2      | Noticed Robin
  1023 | D:2      | Killed Robin
  1024 | D:2      | Reached XP level 3. HP: 18/26 MP: 3/3
  1028 | D:2      | Slain by a jackal

Illustrated notes

Levels and vault maps discovered:
D:1:      nagdon_arrival_double_spiral, layout_basic
D:2:      layout_loops_ring, ebering_ecumenical_altar_rust, uniq_robin

Action                     || total
---------------------------++-------
  Melee: War axe           ||    26
         Constrict         ||     9
         Tentacles         ||     5
   Stab: Sleeping          ||     4
 Armour: Skin              ||    12
  Dodge: Dodged            ||    20
  Block: Buckler           ||     3

Table legend: (Time is in decaauts)
 A = Elapsed time spent in this place.
 B = Non-inter-level travel time spent in this place.
 C = Inter-level travel time spent in this place.
 D = Time resting spent in this place.
 E = Time spent auto-exploring this place.
 F = Levels seen in this place.
 G = Mean time per level.
                   A        B        C        D        E       F      G
               +--------+--------+--------+--------+--------+-----+--------+
         Total |   1039 |   1026 |     13 |      0 |    935 |   2 |  519.5 |
       Dungeon |   1039 |   1026 |     13 |      0 |    935 |   2 |  519.5 |
               +--------+--------+--------+--------+--------+-----+--------+

Top non-repeatable levels by time:
     D:1: 993 daAuts
     D:2: 45 daAuts
